 Dungeon Crawl Stone Soup version 0.16-a0-3532-g139d762 (webtiles) character file.

6717 Gronka the Blocker (level 10, -4/89 HPs)
             Began as a Minotaur Fighter on Jan 7, 2015.
             Was an Elder of Trog.
             Slain by a hill giant
             ... wielding a +0 giant club
             ... summoned by a shadow trap
             ... triggered by the player character
              (20 damage)
             ... on level 10 of the Dungeon.
             The game lasted 01:22:16 (10542 turns).

Gronka the Blocker (Minotaur Fighter)              Turns: 10542, Time: 01:22:16

Health: -4/89      AC: 22    Str: 27    XL:     10   Next: 74%
Magic:  4/4        EV:  9    Int:  5    God:    Trog [****..]
Gold:   715        SH: 13    Dex: 14    Spells: 0 memorised, 9 levels left

rFire  . . .     SeeInvis +     z - +0 flail (crush)
rCold  . . .     Clarity  .     h - +1 plate armour
rNeg   . . .     SustAb   +     c - +0 shield
rPois  +         Gourm    .     (helmet restricted)
rElec  +         Spirit   .     s - +2 cloak {rPois}
rCorr  .         Warding  .     (no gloves)
rMut   .         Stasis   .     S - +2 pair of boots
MR     .....                    (no amulet)
Stlth  ..........               a - ring "Ugeoti" {SustAb +Inv rElec Str-1 Dex+3 SInv Curse}
                                j - ring of sustain abilities

@: mighty, very slightly contaminated, not resistant to hostile enchantments,
extremely unstealthy
A: retaliatory headbutt, horns 2
a: Burn Spellbooks, Berserk, Trog's Hand, Brothers in Arms, Renounce Religion,
Evoke Invisibility


You were on level 10 of the Dungeon.
You worshipped Trog.
Trog was greatly pleased with you.
You were not hungry.

You visited 2 branches of the dungeon, and saw 11 of its levels.

You collected 715 gold pieces.

Inventory:

Hand weapons
 b - a +0 morningstar
 l - a +0 mace of holy wrath
 u - a +2 dire flail of freezing
 z - a +0 flail of crushing (weapon)
Missiles
 M - 6 javelins of returning (quivered)
Armour
 c - a +0 shield (worn)
 h - a +1 plate armour (worn)
 s - a +2 cloak of poison resistance (worn)
 S - a +2 pair of boots (worn)
 U - a +2 buckler
Jewellery
 a - the ring "Ugeoti" (right hand) {SustAb +Inv rElec Str-1 Dex+3 SInv Curse}
   (You found it on level 10 of the Dungeon)

   [ring of sustain abilities]

   It sustains your strength, intelligence and dexterity.
   It affects your strength (-1).
   It affects your dexterity (+3).
   It insulates you from electricity.
   It enhances your eyesight.
   It lets you turn invisible.
   It may recurse itself when equipped.
 j - a ring of sustain abilities (left hand)
Magical devices
 g - a wand of teleportation (0)
 r - a wand of teleportation (3)
 y - a wand of disintegration (8)
 P - a wand of draining (7)
 Q - a wand of lightning (7)
 T - a wand of polymorph (12)
 W - a wand of fire (8)
 Y - a wand of flame (19)
 Z - a wand of paralysis (16)
Scrolls
 f - 2 scrolls of identify
 k - a scroll of fear
 o - 2 scrolls of immolation
 p - 5 scrolls of remove curse
 q - a scroll of recharging
 v - a scroll of teleportation {unknown}
 B - a scroll of fog {unknown}
 F - a scroll of magic mapping
 H - 3 scrolls of summoning
 V - a scroll of holy word {unknown}
 X - a scroll of enchant weapon {unknown}
Potions
 e - 2 potions of might
 i - 3 potions of lignification
 n - 2 potions of flight
 t - a potion of poison
 x - a potion of agility
 A - 2 potions of curing
 C - a potion of cancellation {unknown}
 I - a potion of degeneration {unknown}
 N - a potion of brilliance {unknown}
 R - a potion of ambrosia {unknown}
Comestibles
 d - 2 bread rations
 w - 2 meat rations
 E - 11 royal jellies
 G - 4 fruits
 K - 4 beef jerkies
 L - a slice of pizza


   Skills:
 + Level 8.3 Fighting
 + Level 9.9 Maces & Flails
 + Level 2.8 Throwing
 + Level 10.6 Armour
 + Level 4.4 Dodging
 + Level 0.5 Stealth
 + Level 10.6 Shields


You had 9 spell levels left.
You didn't know any spells.

Dungeon Overview and Level Annotations

Branches:
Dungeon (10/15)            Temple (1/1) D:5             Orc (0/4) D:10
   Lair: D:8-11

Altars:
Ashenzari
Cheibriados
Dithmenos
Elyvilon
Fedhas
Gozag
Kikubaaqudgha
Makhleb
Nemelex Xobeh
Okawaru
Qazlal
Ru
Sif Muna
Trog
Vehumet
Xom
Yredelemnul
Zin
The Shining One

Shops:
D:8 (


Innate Abilities, Weirdness & Mutations

You reflexively headbutt those who attack you in melee.
You have a pair of horns on your head.


Message History

You kill the yak!
The yak's corpse disappears in a puff of smoke!
You block the bat's attack. The bat barely misses you.
The yak barely misses you. You furiously retaliate!
You headbutt the yak! You hit the bat.
You kill the bat!
The bat's corpse disappears in a puff of smoke!
The yak gores you. You block the yak's attack.
You open the door.
The hill giant hits you with a giant club!!
* * * LOW HITPOINT WARNING * * *
The yak barely misses you.
Read which item? (? for menu, Esc to quit)
Okay, then.
Drink which item? (? for menu, Esc to quit)
You feel very mighty all of a sudden.
The hill giant hits you with a giant club!!
You die...

.....'..#....#...................
.....#..'....'.................).
###'#####....##+#######.<##.###)#
#...................###..##'##...
+...................+.....#.)#...
#...................#.....)......
#...................###..###.....
###....###+###+#......#..########
..#....#.......'@.....#.....#
..#....+.......#CY....#.....#
..#.)..# ..... #.[...))....)#
..'....# .... #............#
+##....# #.# #........_..######
.....### #......(.........#..
.....# +................'..
.....+ #................#..
.....# #...........^b...#..


You could see a hill giant and a yak.

Vanquished Creatures
  An unseen horror (D:10)
  A centaur skeleton (D:10)
  A gargoyle (D:10)
  A troll (D:9)
  A wyvern (D:8)
  A deep elf mage (D:10)
  6 yaks (D:10)
  A steam dragon (D:8)
  2 hippogriffs
  A soldier ant (D:8)
  A sky beast (D:8)
  A water moccasin (D:6)
  A black bear (D:7)
  2 phantoms
  An orc warrior (D:9)
  4 ice beasts
  4 centaurs
  A boring beetle (D:8)
  A wasp (D:8)
  An ogre (D:7)
  Duvessa (D:4)
  2 big kobolds
  A brain worm (D:8)
  Blork the orc (D:5)
  A giant frog (D:8)
  A water moccasin zombie (D:9)
  2 scorpions
  The ghost of Gronka the Shield-Bearer, a weakling MiFi (D:3)
  4 killer bees (D:7)
  4 wights (D:6)
  4 crimson imps
  Dowan (D:4)
  5 orc priests
  A jelly (D:7)
  5 hounds
  A quasit (D:10)
  2 giant frog skeletons
  3 iguanas
  7 worker ants
  4 orc wizards
  2 hound skeletons
  2 worker ant zombies
  16 adders
  4 gnolls (D:5)
  4 shadow imps
  2 giant mites
  4 worms
  An adder zombie (D:5)
  An adder skeleton (D:4)
  6 giant geckos
  An ooze (D:2)
  28 orcs
  22 bats
  11 giant cockroaches
  6 goblins
  15 hobgoblins
  9 jackals
  24 kobolds
  6 quokkas
  A ball python (D:3)
  A giant cockroach zombie (D:5)
  6 giant newts
  A quokka skeleton (D:9)
  10 rats
267 creatures vanquished.

Vanquished Creatures (collateral kills)
  3 yaks (D:10)
  A centaur (D:10)
4 creatures vanquished.

Vanquished Creatures (others)
  An ogre (D:10)
  A hobgoblin (D:2)
  2 giant spores (D:6)
  A fungus (D:9)
5 creatures vanquished.

Grand Total: 276 creatures vanquished

Notes
Turn   | Place    | Note
--------------------------------------------------------------
     0 | D:1      | Gronka, the Minotaur Fighter, began the quest for the Orb.
     0 | D:1      | Reached XP level 1. HP: 19/19 MP: 1/1
   163 | D:1      | Reached skill level 4 in Fighting
   163 | D:1      | Reached XP level 2. HP: 25/27 MP: 1/1
   664 | D:2      | Reached XP level 3. HP: 31/33 MP: 2/2
   823 | D:2      | Found a radiant altar of Vehumet.
  1062 | D:2      | Reached XP level 4. HP: 36/41 MP: 2/2
  1565 | D:3      | Reached skill level 1 in Dodging
  1609 | D:3      | Reached XP level 5. HP: 33/47 MP: 2/2
  2067 | D:3      | Noticed Gronka's ghost (weakling MiFi)
  2071 | D:3      | Killed Gronka's ghost
  2071 | D:3      | Reached skill level 5 in Armour
  2402 | D:4      | Reached skill level 5 in Shields
  2590 | D:4      | Reached XP level 6. HP: 53/53 MP: 3/3
  2718 | D:4      | Noticed Dowan
  2719 | D:4      | Noticed Duvessa
  3225 | D:4      | Reached skill level 5 in Fighting
  3504 | D:4      | Killed Duvessa
  3504 | D:4      | Reached XP level 7. HP: 50/61 MP: 3/3
  3519 | D:4      | Killed Dowan
  3632 | D:5      | Entered Level 5 of the Dungeon
  3645 | D:5      | Reached skill level 6 in Armour
  3668 | D:5      | Found a staircase to the Ecumenical Temple.
  3677 | Temple   | Entered the Ecumenical Temple
  3917 | Temple   | Became a worshipper of Trog the Wrathful
  4341 | D:5      | Acquired Trog's first power
  4453 | D:5      | Found a sacrificial altar of Ru.
  4553 | D:5      | Reached skill level 5 in Maces & Flails
  4596 | D:5      | Noticed Blork the orc
  4604 | D:5      | Killed Blork the orc
  4896 | D:6      | Reached XP level 8. HP: 65/70 MP: 3/3
  5054 | D:6      | Found an iron altar of Okawaru.
  5110 | D:6      | Reached skill level 7 in Armour
  5156 | D:6      | Upgraded the game from 0.16-a0-3529-g115dfab to 0.16-a0-3532-g139d762
  5623 | D:6      | Acquired Trog's second power
  6180 | D:7      | Found a white marble altar of Elyvilon.
  6210 | D:7      | Found an opulent altar of Gozag.
  6259 | D:7      | Found a burning altar of Makhleb.
  6385 | D:7      | Reached XP level 9. HP: 70/78 MP: 4/4
  6537 | D:7      | Reached skill level 8 in Shields
  7323 | D:8      | Found Klaekiem's Weapon Shoppe.
  7797 | D:8      | Reached skill level 1 in Throwing
  7797 | D:8      | Reached skill level 9 in Shields
  7917 | D:8      | Found a stormy altar of Qazlal.
  8777 | D:9      | Reached XP level 10. HP: 84/86 MP: 4/4
  9071 | D:9      | Acquired Trog's third power
  9114 | D:9      | Reached skill level 10 in Armour
  9380 | D:9      | Found a blossoming altar of Fedhas.
  9800 | D:10     | Entered Level 10 of the Dungeon
 10026 | D:10     | Reached skill level 10 in Shields
 10141 | D:10     | Found a shimmering altar of Xom.
 10386 | D:10     | Got a sparkling granite ring
 10403 | D:10     | Found a staircase to the Orcish Mines.
 10428 | D:10     | Identified the ring "Ugeoti" {SustAb +Inv rElec Str-1 Dex+3 SInv Curse} (You found it on level 10 of the Dungeon)
 10457 | D:10     | Noticed an unseen horror
 10476 | D:10     | Killed an unseen horror
 10516 | D:10     | Noticed a hill giant
 10542 | D:10     | Slain by a hill giant

Action                   |  1- 3 |  4- 6 |  7- 9 | 10-12 || total
-------------------------+-------+-------+-------+-------++-------
Melee: Flail             |    81 |   137 |   152 |    12 ||   382
       Mace              |       |    79 |   340 |   165 ||   584
Throw: Javelin           |       |       |     8 |    22 ||    30
Invok: Brothers in Arms  |       |       |       |     1 ||     1
  Use: Scroll            |       |     7 |    10 |     4 ||    21
       Potion            |       |       |     3 |     3 ||     6
 Stab: Distracted        |       |       |     1 |       ||     1
  Eat: Pizza             |     1 |     1 |     1 |       ||     3
       Fruit             |       |     5 |       |       ||     5
       Beef jerky        |       |     1 |     2 |       ||     3
       Bread ration      |       |       |     3 |     2 ||     5
